3AAA
ELLENBURG FIGHTING DACHSUNDS @ SIOUX FALLS RED PANDAS
06/17/2038
 
TOP OF THE 1ST
Ellenburg Fighting Dachsunds batting - Pitching for Sioux Falls Red Pandas : LHP Habakkuk Baldonado
Pitching: LHP Habakkuk Baldonado
Batting: RHB Sze Qi 0-0: Foul Ball, location: 2F
0-1: Ball
1-1: Called Strike
1-2: Strikes out swinging
Batting: LHB Tony Worley 0-0: Ball
1-0: Ball
2-0: Ground out 6-3 (Groundball, 6, EV 85.6 MPH)
Batting: RHB Jesús Morán 0-0: Foul Ball, location: 2F
0-1: TRIPLE (Flyball, 78XD, EV 106.2 MPH)
Batting: RHB Manuel Guillama 0-0: Called Strike
0-1: Ball
1-1: Ball
2-1: Foul Ball, location: 2F
2-2: Strikes out swinging, 2-3 out at first.
Top of the 1st over - 0 runs, 1 hit, 0 errors, 1 left on base; Ellenburg 0 - Sioux Falls 0
BOTTOM OF THE 1ST
Sioux Falls Red Pandas batting - Pitching for Ellenburg Fighting Dachsunds : RHP Jeff Arocha
Pitching: RHP Jeff Arocha
Batting: SHB Javier Vázquez 0-0: Foul Ball, location: 2F
0-1: Called Strike
0-2: Ball
1-2: Foul Ball, location: 2F
1-2: Foul Ball, location: 2F
1-2: Ball
2-2: Foul Ball, location: 2F
2-2: Foul Ball, location: 2F
2-2: Foul Ball, location: 2F
2-2: Ball
3-2: Foul Ball, location: 2F
3-2: Fly out, F9 (Flyball, 89S, EV 89.4 MPH)
Batting: LHB Ramón Morterero 0-0: Ball
1-0: Foul Ball, location: 2F
1-1: Swinging Strike
1-2: Ball
2-2: Strikes out swinging
Batting: LHB Preston Witt 0-0: Ball
1-0: Ball
2-0: Called Strike
2-1: Called Strike
2-2: Ball
3-2: Base on Balls
Batting: LHB Roberto Soto 0-0: Ball
1-0: Ball
2-0: Called Strike
2-1: Fly out, F7 (Flyball, 7D, EV 103.1 MPH)
Bottom of the 1st over - 0 runs, 0 hits, 0 errors, 1 left on base; Ellenburg 0 - Sioux Falls 0
TOP OF THE 2ND
Ellenburg Fighting Dachsunds batting - Pitching for Sioux Falls Red Pandas : LHP Habakkuk Baldonado
Batting: SHB Adam Clements 0-0: Called Strike
0-1: Ball
1-1: Ball
2-1: Foul Ball, location: 2F
2-2: Strikes out swinging
Batting: RHB Arvi Sutinen 0-0: Foul Ball, location: 2F
0-1: Fly out, F8 (Flyball, 8LM, EV 85.6 MPH)
Batting: LHB Lowell Evans 0-0: Bunt for hit to 3S - play at first, batter OUT! 3-4
Top of the 2nd over - 0 runs, 0 hits, 0 errors, 0 left on base; Ellenburg 0 - Sioux Falls 0
BOTTOM OF THE 2ND
Sioux Falls Red Pandas batting - Pitching for Ellenburg Fighting Dachsunds : RHP Jeff Arocha
Batting: RHB Reg Spiers 0-0: Ball
1-0: Foul Ball, location: 2F
1-1: Ball
2-1: Ball
3-1: Foul Ball, location: 2F
3-2: Foul Ball, location: 2F
3-2: Foul Ball, location: 2F
3-2: Ground out 5-3 (Groundball, 56S, EV 78.1 MPH)
Batting: LHB Jin-yong Myung 0-0: Called Strike
0-1: Fly out, F7 (Flyball, 78M, EV 88.1 MPH)
Batting: RHB Lane McCool 0-0: Ball
1-0: Called Strike
1-1: Called Strike
1-2: Strikes out swinging
Bottom of the 2nd over - 0 runs, 0 hits, 0 errors, 0 left on base; Ellenburg 0 - Sioux Falls 0
TOP OF THE 3RD
Ellenburg Fighting Dachsunds batting - Pitching for Sioux Falls Red Pandas : LHP Habakkuk Baldonado
Batting: RHB Zhen-bang Kwan 0-0: Called Strike
0-1: Ball
1-1: Swinging Strike
1-2: Strikes out looking
Batting: RHB Al Grant 0-0: Foul Ball, location: 2F
0-1: DOUBLE (Line Drive, 9LS, EV 103.1 MPH)
Batting: RHB Sze Qi 0-0: Ball
1-0: Foul Ball, location: 2F
1-1: Foul Ball, location: 2F
1-2: Ball
2-2: Ball
3-2: Base on Balls
Batting: LHB Tony Worley 0-0: Called Strike
0-1: Fielders Choice at 2nd, 2-6 (Groundball, 13S, EV 65.0 MPH)
Al Grant to third
Batting: RHB Jesús Morán 0-0: Ball
1-0: Ball
2-0: Foul Ball, location: 2F
2-1: Ball
3-1: Foul Ball, location: 2F
3-2: Foul Ball, location: 2F
3-2: Base on Balls
Tony Worley to second
Batting: RHB Manuel Guillama 0-0: Ball
1-0: Ball
2-0: Called Strike
2-1: Foul Ball, location: 2F
2-2: Strikes out swinging
Top of the 3rd over - 0 runs, 1 hit, 0 errors, 3 left on base; Ellenburg 0 - Sioux Falls 0
BOTTOM OF THE 3RD
Sioux Falls Red Pandas batting - Pitching for Ellenburg Fighting Dachsunds : RHP Jeff Arocha
Batting: RHB António Martínez 0-0: Ball
1-0: Foul Ball, location: 2F
1-1: Called Strike
1-2: Foul Ball, location: 2F
1-2: Ball
2-2: Strikes out swinging
Batting: RHB Dewey Nauss 0-0: Ball
1-0: Called Strike
1-1: Ball
2-1: Foul Ball, location: 2F
2-2: Foul Ball, location: 2F
2-2: Foul Ball, location: 2F
2-2: Foul Ball, location: 2F
2-2: Strikes out looking
Batting: SHB Javier Vázquez 0-0: Ball
1-0: Called Strike
1-1: Foul Ball, location: 2F
1-2: Ball
2-2: Ball
3-2: Fly out, F8 (Flyball, 8RXD, EV 91.2 MPH)
Bottom of the 3rd over - 0 runs, 0 hits, 0 errors, 0 left on base; Ellenburg 0 - Sioux Falls 0
TOP OF THE 4TH
Ellenburg Fighting Dachsunds batting - Pitching for Sioux Falls Red Pandas : LHP Habakkuk Baldonado
Batting: SHB Adam Clements 0-0: Swinging Strike
0-1: Called Strike
0-2: Strikes out swinging
Batting: RHB Arvi Sutinen 0-0: Ball
1-0: Foul Ball, location: 2F
1-1: Foul Ball, location: 2F
1-2: Strikes out swinging
Batting: LHB Lowell Evans 0-0: Foul Ball, location: 2F
0-1: Ball
1-1: Ball
2-1: Bunt for hit to 15 - play at first, batter safe!
Batting: RHB Zhen-bang Kwan 0-0: Ball
1-0: Ball
2-0: Fly out, F9 (Flyball, 9, EV 74.4 MPH)
Top of the 4th over - 0 runs, 1 hit, 0 errors, 1 left on base; Ellenburg 0 - Sioux Falls 0
BOTTOM OF THE 4TH
Sioux Falls Red Pandas batting - Pitching for Ellenburg Fighting Dachsunds : RHP Jeff Arocha
Batting: LHB Ramón Morterero 0-0: Ball
1-0: Ball
2-0: Fly out, F7 (Flyball, 78M, EV 91.9 MPH)
Batting: LHB Preston Witt 0-0: Foul Ball, location: 2F
0-1: Foul Ball, location: 2F
0-2: Strikes out swinging
Batting: LHB Roberto Soto 0-0: Ball
1-0: Called Strike
1-1: Ball
2-1: Foul Ball, location: 2F
2-2: SINGLE (Line Drive, 6MD, EV 106.2 MPH)
Batting: RHB Reg Spiers 0-0: Ball
1-0: Foul Ball, location: 2F
1-1: Ball
2-1: Foul Ball, location: 2F
2-2: SINGLE (Groundball, 6MD, EV 99.4 MPH)
Roberto Soto to second
Runner from 2nd tries for 3rd, SAFE, throw by CF made to third
Batting: LHB Jin-yong Myung 0-0: Ball
1-0: Called Strike
1-1: Ball
2-1: Ground out 4-3 (Groundball, 4, EV 88.1 MPH)
Bottom of the 4th over - 0 runs, 2 hits, 0 errors, 2 left on base; Ellenburg 0 - Sioux Falls 0
TOP OF THE 5TH
Ellenburg Fighting Dachsunds batting - Pitching for Sioux Falls Red Pandas : LHP Habakkuk Baldonado
Batting: RHB Al Grant 0-0: Ball
1-0: Foul Ball, location: 2F
1-1: Swinging Strike
1-2: Foul Ball, location: 2F
1-2: Fly out, F5 (Line Drive, 5, EV 67.5 MPH)
Batting: RHB Sze Qi 0-0: Called Strike
0-1: Ball
1-1: TRIPLE (Flyball, 89XD, EV 103.8 MPH)
Batting: LHB Tony Worley 0-0: Foul Ball, location: 2F
0-1: Ball
1-1: Foul Ball, location: 2F
1-2: Foul Ball, location: 2F
1-2: Ball
Wild Pitch!
Sze Qi scores
2-2: Foul Ball, location: 2F
2-2: Foul Ball, location: 2F
2-2: DOUBLE (Line Drive, 3D, EV 94.4 MPH)
Batting: RHB Jesús Morán 0-0: Ball
1-0: Fly out, F2 (Popup, 23F, EV 87.5 MPH)
Batting: RHB Manuel Guillama 0-0: Called Strike
0-1: Ball
1-1: Foul Ball, location: 2F
1-2: Ground out 1-3 (Groundball, P, EV 85.6 MPH)
Top of the 5th over - 1 run, 2 hits, 0 errors, 1 left on base; Ellenburg 1 - Sioux Falls 0
BOTTOM OF THE 5TH
Sioux Falls Red Pandas batting - Pitching for Ellenburg Fighting Dachsunds : RHP Jeff Arocha
Batting: RHB Lane McCool 0-0: Ball
1-0: Ball
2-0: DOUBLE (Flyball, 8LXD, EV 95.0 MPH)
Batting: RHB António Martínez 0-0: Foul Ball, location: 2F
0-1: Swinging Strike
0-2: Fly out, F2 (Popup, 23F, EV 78.1 MPH)
Batting: RHB Dewey Nauss 0-0: Called Strike
0-1: Ground out 6-3 (Groundball, 6, EV 85.6 MPH)
Batting: SHB Javier Vázquez 0-0: Foul Ball, location: 2F
0-1: Ball
1-1: Ball
2-1: Ball
3-1: Base on Balls
Batting: LHB Ramón Morterero 0-0: Called Strike
0-1: Swinging Strike
0-2: SINGLE (Line Drive, 8RS, EV 101.9 MPH)
Lane McCool to third
Javier Vázquez to second
Runner from 3rd tries for Home, SAFE, no throw by CF
Batting: LHB Preston Witt 0-0: Called Strike
0-1: Called Strike
0-2: Ball
1-2: Foul Ball, location: 2F
1-2: Ball
2-2: Ball
3-2: Foul Ball, location: 2F
3-2: Foul Ball, location: 2F
3-2: Foul Ball, location: 2F
3-2: Foul Ball, location: 2F
3-2: Base on Balls
Javier Vázquez to third
Ramón Morterero to second
Batting: LHB Roberto Soto 0-0: Ball
1-0: Foul Ball, location: 2F
1-1: Foul Ball, location: 2F
1-2: Fielders Choice at 2nd, 6-4 (Groundball, 6, EV 88.1 MPH)
Bottom of the 5th over - 1 run, 2 hits, 0 errors, 3 left on base; Ellenburg 1 - Sioux Falls 1
TOP OF THE 6TH
Ellenburg Fighting Dachsunds batting - Pitching for Sioux Falls Red Pandas : LHP Habakkuk Baldonado
Batting: SHB Adam Clements 0-0: Swinging Strike
0-1: Ball
1-1: Ball
2-1: Ground out 1-3 (Groundball, 15S, EV 65.0 MPH)
Batting: RHB Arvi Sutinen 0-0: Ball
1-0: Ball
2-0: Ball
3-0: Base on Balls
Pitching: RHP Érico Laborde
Batting: LHB Lowell Evans 0-0: Called Strike
0-1: Ball
1-1: Ball
2-1: Fly out, F7 (Line Drive, 7D, EV 93.1 MPH)
Batting: RHB Zhen-bang Kwan 0-0: Called Strike
0-1: Called Strike
0-2: Foul Ball, location: 2F
0-2: Ball
1-2: Ground out 5-3 (Groundball, 56S, EV 84.4 MPH)
Top of the 6th over - 0 runs, 0 hits, 0 errors, 1 left on base; Ellenburg 1 - Sioux Falls 1
BOTTOM OF THE 6TH
Sioux Falls Red Pandas batting - Pitching for Ellenburg Fighting Dachsunds : RHP Jeff Arocha
Pitching: RHP Jude Cordingley
Batting: RHB Reg Spiers 0-0: Foul Ball, location: 2F
0-1: Swinging Strike
0-2: Fly out, F7 (Flyball, 7, EV 91.9 MPH)
Batting: LHB Jin-yong Myung 0-0: Ball
1-0: Ball
2-0: Swinging Strike
2-1: Swinging Strike
2-2: Foul Ball, location: 2F
2-2: Ball
3-2: Strikes out swinging
Batting: RHB Lane McCool 0-0: Called Strike
0-1: Called Strike
0-2: Foul Ball, location: 2F
0-2: Ball
1-2: Fly out, F7 (Flyball, 78M, EV 89.4 MPH)
Bottom of the 6th over - 0 runs, 0 hits, 0 errors, 0 left on base; Ellenburg 1 - Sioux Falls 1
TOP OF THE 7TH
Ellenburg Fighting Dachsunds batting - Pitching for Sioux Falls Red Pandas : RHP Érico Laborde
Batting: RHB Al Grant 0-0: Ball
1-0: Ball
2-0: Ball
3-0: Called Strike
3-1: Called Strike
3-2: Ground out 6-3 (Groundball, 6, EV 83.1 MPH)
Batting: RHB Sze Qi 0-0: Called Strike
0-1: SINGLE (Line Drive, 3D, EV 100.0 MPH)
Batting: LHB Tony Worley 0-0: Ball
1-0: Ball
2-0: Ball
3-0: Base on Balls
Sze Qi to second
Pitching: RHP Ramón Martínez
Batting: RHB Jesús Morán 0-0: Called Strike
0-1: Foul Ball, location: 2F
0-2: Ball
1-2: Ball
2-2: SINGLE (Groundball, 6MD, EV 111.2 MPH)
Sze Qi to third
Tony Worley to second
Runner from 3rd tries for Home, SAFE, no throw by CF
Batting: RHB Manuel Guillama 0-0: Ball
1-0: Called Strike
1-1: Foul Ball, location: 2F
1-2: Foul Ball, location: 2F
1-2: Foul Ball, location: 2F
1-2: Fly out, F5 (Popup, 56, EV 66.9 MPH)
Batting: SHB Adam Clements 0-0: SINGLE (Groundball, 4D, EV 100.0 MPH)
Tony Worley to third
Jesús Morán to second
Runner from 3rd tries for Home, throw by CF and OUT! 8-2
Top of the 7th over - 1 run, 3 hits, 0 errors, 2 left on base; Ellenburg 2 - Sioux Falls 1
BOTTOM OF THE 7TH
Sioux Falls Red Pandas batting - Pitching for Ellenburg Fighting Dachsunds : RHP Jude Cordingley
Now in RF: Peter Heard
Batting: RHB António Martínez 0-0: Called Strike
0-1: Foul Ball, location: 2F
0-2: SINGLE (Flyball, 9S, EV 87.5 MPH)
Batting: RHB Dewey Nauss 0-0: Called Strike
0-1: Called Strike
0-2: Ball
1-2: Strikes out looking
Pitching: LHP Riley Evans
Pinch Hitting: RHB Félix Romero 0-0: Called Strike
0-1: Grounds into double play, 4-6-3 (Groundball, 4, EV 79.4 MPH)
Bottom of the 7th over - 0 runs, 1 hit, 0 errors, 0 left on base; Ellenburg 2 - Sioux Falls 1
TOP OF THE 8TH
Ellenburg Fighting Dachsunds batting - Pitching for Sioux Falls Red Pandas : RHP Ramón Martínez
Now in CF: José Valéncia
Batting: RHB Arvi Sutinen 0-0: Called Strike
0-1: Ball
1-1: Ball
2-1: Ground out 1-3 (Groundball, 34S, EV 72.5 MPH)
Batting: LHB Lowell Evans 0-0: Foul Ball, location: 2F
0-1: Ball
1-1: Ball
2-1: Foul Ball, location: 2F
2-2: Fly out, F2 (Popup, 13S, EV 80.0 MPH)
Batting: RHB Zhen-bang Kwan 0-0: Called Strike
0-1: Called Strike
0-2: Ball
1-2: Ground out 4-3 (Groundball, 4, EV 89.4 MPH)
Top of the 8th over - 0 runs, 0 hits, 0 errors, 0 left on base; Ellenburg 2 - Sioux Falls 1
BOTTOM OF THE 8TH
Sioux Falls Red Pandas batting - Pitching for Ellenburg Fighting Dachsunds : LHP Riley Evans
Batting: LHB Ramón Morterero 0-0: Ball
1-0: Foul Ball, location: 2F
1-1: Foul Ball, location: 2F
1-2: Strikes out swinging
Batting: LHB Preston Witt 0-0: Ball
1-0: Foul Ball, location: 2F
1-1: Fly out, F9 (Line Drive, 9D, EV 91.2 MPH)
Batting: LHB Roberto Soto 0-0: Ball
1-0: Ball
2-0: Called Strike
2-1: Ball
3-1: Base on Balls
Batting: RHB Reg Spiers 0-0: Ball
1-0: Foul Ball, location: 2F
1-1: Fielders Choice at 2nd, 6-4 (Groundball, 56, EV 90.0 MPH)
Bottom of the 8th over - 0 runs, 0 hits, 0 errors, 1 left on base; Ellenburg 2 - Sioux Falls 1
TOP OF THE 9TH
Ellenburg Fighting Dachsunds batting - Pitching for Sioux Falls Red Pandas : RHP Ramón Martínez
Batting: RHB Al Grant 0-0: Called Strike
0-1: Ground out 6-3 (Groundball, 56, EV 101.2 MPH)
Batting: RHB Sze Qi 0-0: Called Strike
0-1: Ball
1-1: Fly out, F8 (Flyball, 89D, EV 85.6 MPH)
Batting: RHB Peter Heard 0-0: Ball
1-0: Called Strike
1-1: Ground out 3-1 (Groundball, 34, EV 101.9 MPH)
Top of the 9th over - 0 runs, 0 hits, 0 errors, 0 left on base; Ellenburg 2 - Sioux Falls 1
BOTTOM OF THE 9TH
Sioux Falls Red Pandas batting - Pitching for Ellenburg Fighting Dachsunds : LHP Riley Evans
Pitching: RHP Jason Huggins
Batting: LHB Jin-yong Myung 0-0: Ball
1-0: Ball
2-0: Reached on error, E4 (Groundball, 4M, EV 105.6 MPH)
Pinch Hitting: LHB Rafael Sánchez 0-0: Ground out 4-3 (Groundball, 34, EV 86.9 MPH)
Jin-yong Myung to second
Batting: RHB António Martínez 0-0: Ball
1-0: Foul Ball, location: 2F
1-1: Called Strike
1-2: Foul Ball, location: 2F
1-2: Fly out, F9 (Flyball, 9, EV 84.4 MPH)
Pinch Hitting: LHB Stanley Belote 0-0: Ball
1-0: Ball
2-0: Ball
3-0: Called Strike
3-1: Base on Balls
Batting: LHB José Valéncia 0-0: SINGLE (Groundball, 3D, EV 95.6 MPH)
Jin-yong Myung to third
Stanley Belote to second
Runner from 3rd tries for Home, SAFE, throw by RF to home
Batting: LHB Ramón Morterero 0-0: Ball
1-0: Called Strike
1-1: Ball
2-1: Ball
3-1: Called Strike
3-2: Ground out 4-3 (Groundball, 4, EV 90.6 MPH)
Bottom of the 9th over - 1 run, 1 hit, 1 error, 2 left on base; Ellenburg 2 - Sioux Falls 2
TOP OF THE 10TH
Ellenburg Fighting Dachsunds batting - Pitching for Sioux Falls Red Pandas : RHP Ramón Martínez
Pitching: RHP Rick Converse
Now at C: Gilberto Rodríguez
Now at 3B: António González
Batting: RHB Jesús Morán 0-0: Ball
1-0: Ball
2-0: Foul Ball, location: 2F
2-1: SINGLE (Groundball, 6MD, EV 101.9 MPH)
Batting: RHB Manuel Guillama 0-0: Ball
1-0: Swinging Strike
1-1: Foul Ball, location: 2F
1-2: Foul Ball, location: 2F
1-2: DOUBLE (Groundball, 5L, EV 100.6 MPH)
Jesús Morán to third
Batting: SHB Adam Clements 0-0: Called Strike
0-1: Called Strike
0-2: Foul Ball, location: 2F
0-2: Ball
1-2: SINGLE (Groundball, 4MD, EV 95.0 MPH)
Jesús Morán scores
Manuel Guillama to third
Runner from 3rd tries for Home, SAFE, throw by CF to home
Adam Clements to second
Batting: RHB Arvi Sutinen 0-0: Called Strike
0-1: Ball
1-1: Swinging Strike
1-2: Strikes out swinging
Batting: LHB Lowell Evans 0-0: Called Strike
0-1: Ball
1-1: SINGLE (Groundball, 34S, EV 90.6 MPH) (infield hit)
Adam Clements to third
Pitching: RHP Jiong Bao
Batting: RHB Zhen-bang Kwan 0-0: Called Strike
0-1: Swinging Strike
0-2: Ball
1-2: Foul Ball, location: 2F
1-2: Ball
2-2: Foul Ball, location: 2F
2-2: Ground out 4-3 (Groundball, 34D, EV 107.5 MPH)
Adam Clements scores
Lowell Evans to second
Batting: RHB Al Grant 0-0: Called Strike
0-1: Swinging Strike
0-2: DOUBLE (Flyball, 89D, EV 110.0 MPH)
Lowell Evans scores
Batting: RHB Sze Qi 0-0: Ball
1-0: Called Strike
1-1: Ball
2-1: Foul Ball, location: 2F
2-2: Strikes out swinging
Top of the 10th over - 4 runs, 5 hits, 0 errors, 1 left on base; Ellenburg 6 - Sioux Falls 2
BOTTOM OF THE 10TH
Sioux Falls Red Pandas batting - Pitching for Ellenburg Fighting Dachsunds : RHP Jason Huggins
Batting: LHB Preston Witt 0-0: Ball
1-0: Called Strike
1-1: Ball
2-1: Foul Ball, location: 2F
2-2: Fly out, F5 (Popup, 5SF, EV 71.9 MPH)
Batting: LHB Roberto Soto 0-0: Foul Ball, location: 2F
0-1: Ground out 5-3 (Groundball, 56S, EV 78.8 MPH)
Batting: RHB Reg Spiers 0-0: Foul Ball, location: 2F
0-1: Foul Ball, location: 2F
0-2: Ball
1-2: Ground out 5-3 (Groundball, 5, EV 103.1 MPH)
Bottom of the 10th over - 0 runs, 0 hits, 0 errors, 0 left on base; Ellenburg 6 - Sioux Falls 2
Friday, April 17th, 2020 - OOTP Baseball 20.8 Build 74